 Dungeon Crawl Stone Soup version 0.30-a0-696-g2367cd04db (webtiles) character file.

Game seed: 8745300174825793261

8106 Tocho the Covert (level 11, -2/62 HPs)
             Began as a Kobold Conjurer on Jan 19, 2023.
             Was a Priest of Vehumet.
             Killed from afar by Lodul (22 damage)
             ... with a bolt of lightning
             ... on level 10 of the Dungeon on Jan 21, 2023.
             The game lasted 00:53:28 (13975 turns).

Tocho the Covert (Kobold Conjurer)                 Turns: 13975, Time: 00:53:28

Health: -2/62      AC: 13    Str:  3 (5)  XL:     11   Next: 49%
Magic:  11/24      EV: 18    Int: 28 (29) God:    Vehumet [***...]
Gold:   113        SH:  0    Dex: 13 (14) Spells: 11/28 levels left

rFire   . . .      SeeInvis .    b - +1 whip (flame)
rCold   . . .      Faith    .    (no shield)
rNeg    . . .      Spirit   .    g - +2 robe {Will+}
rPois   .          Reflect  .    j - +2 helmet
rElec   .          Harm     .    n - +0 cloak
rCorr   .          Rampage  .    (no gloves)
Will    +....                    l - +2 pair of boots
Stlth   +++++                    (no amulet)
HPRegen 0.30/turn                h - ring of flight
MPRegen 0.19/turn                w - +6 ring of intelligence

@: flying
A: small, no large weapons, nightstalker 3, iridescent scales 1, deterioration
1, sense surroundings 1
a: Renounce Religion


You were on level 10 of the Dungeon.
You worshipped Vehumet.
Vehumet was most pleased with you.
You visited 2 branches of the dungeon, and saw 10 of its levels.

You collected 493 gold pieces.
You spent 380 gold pieces at shops.

Inventory:

Hand Weapons
 b - a +1 whip of flaming (weapon)
 e - a +0 short sword
Missiles
 c - 3 atropa-tipped darts
 m - 2 throwing nets
 r - 15 poisoned darts
 u - 6 datura-tipped darts
Armour
 g - a +2 robe of willpower (worn)
 j - a +2 helmet (worn)
 l - a +2 pair of boots (worn)
 n - a +0 cloak (worn)
Magical Staves
 t - a staff of poison
Jewellery
 a - a ring of protection from cold
 h - a ring of flight (left hand)
 w - a +6 ring of intelligence (right hand)
Wands
 o - a wand of iceblast (27)
 s - a wand of charming (7)
 x - a wand of flame (20)
Scrolls
 d - 4 scrolls of teleportation
 f - 4 scrolls of immolation
 i - 5 scrolls of identify
 k - 2 scrolls of noise
 p - a scroll of amnesia
Potions
 v - a potion of attraction
 z - a potion of cancellation


   Skills:
 + Level 4.9 Fighting
 + Level 6.5 Short Blades
 + Level 0.8 Maces & Flails
 + Level 8.4 Dodging
 + Level 9.6 Stealth
 + Level 9.2 Spellcasting
 + Level 8.6 Conjurations
 + Level 4.3 Hexes
 + Level 0.6 Transmutations


You had 11 spell levels left.
You knew the following spells:

 Your Spells              Type           Power      Damage    Failure   Level
a - Magic Dart            Conj           100%       1d8       1%          1
b - Searing Ray           Conj           100%       2d8       1%          2
c - Dazzling Flash        Conj/Hex       98%        N/A       1%          3
d - Wereblood             Tmut           16%        N/A       4%          2
e - Fulminant Prism       Conj/Hex       24%        3d12      1%          4
f - Static Discharge      Conj/Air       74%        2-6/arc   1%          2
g - Stone Arrow           Conj/Erth      74%        3d11      1%          3

Your spell library contained the following spells:

 Spells                   Type           Power      Damage    Failure   Level
 Flame Wave               Conj/Fire      37%        2d10      2%          4
 Iskenderun's Mystic Bla  Conj/Tloc      37%        2d9       2%          4
 Beastly Appendage        Tmut           32%        N/A       3%          1
 Spider Form              Tmut/Pois      14%        N/A       12%         3


Dungeon Overview and Level Annotations

Branches:
Dungeon (10/15)            Temple (1/1) D:4
   Lair: D:8-11         Orc: D:9-12

Altars:
Ashenzari
Cheibriados
Dithmenos
Elyvilon
Fedhas
Gozag
Hepliaklqana
Kikubaaqudgha
Makhleb
Nemelex Xobeh
Okawaru
Qazlal
Ru
Sif Muna
Trog
Uskayaw
Vehumet
Wu Jian
Xom
Yredelemnul
Zin

Shops:
D:8 *

Annotations:
D:10 Lodul


Innate Abilities, Weirdness & Mutations

You are small and have problems with some larger weapons.
You are completely attuned to the shadows.
You are partially covered in iridescent scales. (AC +2)
Your body sometimes deteriorates upon taking damage.
You passively map a small area around you.


Message History

Confirm with . or Enter, or press ? or * to list all spells.
Casting: Dazzling Flash (safe; 1% risk of failure)
Press: ? - help, Dir - look around, f - activate The ogre is dazzled.
Your fulminant prism crackles loudly.
Aiming: Searing Ray (safe; 1% risk of failure)
Press: ? - help, Q - select action, (/) - cycle Shift-Dir - straight line, f - ogre
Aim: an ogre, wielding a +0 giant spiked club (ally target, 92% to hit)
The searing ray hits the ogre.
The ogre is moderately wounded. (Press . to maintain the ray.)
You hear a shout!
The ogre misses you.
Your fulminant prism explodes!
The blast of energy engulfs the ogre!
The ogre is severely wounded.
The blast of energy engulfs the ogre!
The ogre is severely wounded.
You hear an angry hiss.
You hear an angry buzzing noise. x3; You hear a shout!
You hear an angry buzzing noise.
You hear a shout!
You hear an angry buzzing noise. x4; You hear a shout!
You hear a bellow! x2
The searing ray hits the ogre!
You kill the ogre!
Vehumet accepts your kill.
You feel your power returning.
You hear an angry buzzing noise. x3
Restarting spell: Searing Ray (safe; 1% risk of failure)
Press: ? - help, Q - select action, (/) - cycle Shift-Dir - straight line, f - ogre
Aim: an ogre, wielding a +0 giant club (severely wounded, blind, 92% to hit)
The searing ray hits the ogre!
You kill the ogre!
Vehumet accepts your kill.
You feel your power returning. (Press . to maintain the ray.) Electricity crackles from Lodul's apparatus.
The bolt of lightning hits you!!
Unknown command.
Electricity crackles from Lodul's apparatus.
The bolt of lightning hits you!!
You die...

.............. ,...
.††.)........
.###.......##
##*...#.##.......
........... , ,
g.....##......
........... , ,* ,
##..... #.......... *
.....) .#......... ,,
, , *, ......
........... ,, ,.....
...........######## *
* * , ,
................@.#**
,
..........#..####)...
, , ,,
....###.#.........)..
.....................*
,,
...D#...............O*
, .......)...........
* ....#.)∩).####.#..,
, ....#..)....##.#..,
, ....#.....#...D....
,


You could see Lodul.

Vanquished Creatures
  Pikel (D:5)
  A troll (D:9)
  A hornet (D:8)
  A vampire (D:9)
  2 steam dragons (D:8)
  13 yaks
  A basilisk (D:6)
  2 vampire mosquitoes
  Edmund (D:5)
  An acid dragon (D:6)
  4 orc warriors
  3 black bears
  6 ogres
  4 centaurs
  2 wolves (D:9)
  A phantom (D:4)
  4 lemures (D:5)
  A necrophage (D:6)
  3 kobold brigands
  A bullfrog (D:8)
  A gnoll sergeant (D:9)
  3 scorpions
  13 killer bees (D:10)
  4 howler monkeys
  8 hounds
  2 jellies
  9 orc priests
  6 iguanas
  Jessica (D:3)
  A gnoll bouda (D:9)
  8 orc wizards
  11 gnolls (D:9)
  12 adders
  A shadow imp (D:6)
  A white imp (D:6)
  An ufetubus (D:6)
  2 worms
  21 orcs
  4 bats
  5 endoplasms
  4 giant cockroaches
  3 goblins
  4 hobgoblins
  7 jackals
  18 kobolds
  4 quokkas
  4 ball pythons
  15 frilled lizards
  3 rats
229 creatures vanquished.

Vanquished Creatures (collateral kills)
  A jackal (D:4)
1 creature vanquished.

Vanquished Creatures (others)
  17 fulminant prisms
  4 plants (D:1)
21 creatures vanquished.

Grand Total: 251 creatures vanquished

Notes
Turn   | Place    | Note
-------+----------+-------------------------------------------
     0 | D:1      | Tocho the Kobold Conjurer began the quest for the Orb.
     0 | D:1      | Reached XP level 1. HP: 10/10 MP: 3/3
   230 | D:1      | Reached XP level 2. HP: 15/15 MP: 0/5
   997 | D:1      | Reached XP level 3. HP: 19/19 MP: 1/6
  1613 | D:2      | Found a hazy altar of Hepliaklqana.
  1615 | D:2      | Reached XP level 4. HP: 24/24 MP: 5/7
  1916 | D:2      | Reached skill level 5 in Conjurations
  2139 | D:3      | Learned a level 2 spell: Searing Ray
  2143 | D:3      | Learned a level 3 spell: Dazzling Flash
  2168 | D:3      | Found an ornate altar of the Wu Jian Council.
  2389 | D:3      | Found a sparkling altar of Nemelex Xobeh.
  3443 | D:3      | Noticed Jessica
  3446 | D:3      | Reached skill level 1 in Short Blades
  3446 | D:3      | Reached XP level 5. HP: 28/28 MP: 4/9
  3449 | D:3      | Killed Jessica
  3450 | D:3      | Reached skill level 1 in Fighting
  3861 | D:4      | Reached XP level 6. HP: 35/35 MP: 1/12
  4039 | D:4      | Found a staircase to the Ecumenical Temple.
  4068 | Temple   | Entered the Ecumenical Temple
  4328 | Temple   | Became a worshipper of Vehumet
  4375 | Temple   | Upgraded the game from 0.30-a0-672-gc3a7216ad8 to
                  | 0.30-a0-691-g754fce4c43
  4473 | D:4      | Found a shadowy altar of Dithmenos.
  4522 | D:4      | Found a shimmering altar of Xom.
  5325 | D:4      | Reached XP level 7. HP: 37/39 MP: 9/13
  5551 | D:4      | Gained mutation: You are weak. (Str -2) [potion of
                  | mutation]
  5551 | D:4      | Gained mutation: Your body sometimes deteriorates upon
                  | taking damage. [potion of mutation]
  5563 | D:4      | Learned a level 2 spell: Wereblood
  5564 | D:5      | Entered Level 5 of the Dungeon
  5966 | D:5      | Found a burning altar of Makhleb.
  6235 | D:5      | Noticed Pikel
  6429 | D:5      | Reached skill level 5 in Stealth
  6429 | D:5      | Reached skill level 5 in Spellcasting
  6566 | D:5      | Reached XP level 8. HP: 44/44 MP: 15/15
  6581 | D:5      | Noticed Edmund
  6798 | D:5      | Killed Edmund
  7171 | D:5      | Killed Pikel
  7172 | D:5      | Reached skill level 5 in Dodging
  7172 | D:5      | Reached skill level 1 in Hexes
  7172 | D:5      | Reached XP level 9. HP: 13/49 MP: 5/17
  7843 | D:6      | Reached * piety under Vehumet
  7843 | D:6      | Offered knowledge of Shock by Vehumet.
  9023 | D:6      | Reached skill level 5 in Short Blades
  9423 | D:6      | You fall into a shaft and drop 2 floors!
  9511 | D:8      | Reached XP level 10. HP: 35/56 MP: 6/20
 10015 | D:8      | Reached ** piety under Vehumet
 10015 | D:8      | Offered knowledge of Static Discharge by Vehumet.
 10653 | D:8      | Found Bamnumao's General Store.
 10658 | D:8      | Bought a +6 ring of intelligence for 360 gold pieces
 10658 | D:8      | Bought a scroll of identify for 20 gold pieces
 11165 | D:9      | Lost mutation: Your body sometimes deteriorates upon taking
                  | damage. [potion of mutation]
 11165 | D:9      | Lost mutation: You are weak. (Str -2) [potion of mutation]
 11165 | D:9      | Gained mutation: You are partially covered in iridescent
                  | scales. (AC +2) [potion of mutation]
 11165 | D:9      | Gained mutation: Your body sometimes deteriorates upon
                  | taking damage. [potion of mutation]
 11165 | D:9      | Gained mutation: You passively map a small area around you.
                  | [potion of mutation]
 11174 | D:9      | Learned a level 4 spell: Fulminant Prism
 11816 | D:9      | Upgraded the game from 0.30-a0-691-g754fce4c43 to
                  | 0.30-a0-696-g2367cd04db
 11907 | D:9      | Reached XP level 11. HP: 42/62 MP: 4/23
 11910 | D:9      | Learned a level 2 spell: Static Discharge
 12038 | D:9      | Offered knowledge of Stone Arrow by Vehumet.
 12180 | D:9      | Reached *** piety under Vehumet
 13106 | D:9      | Learned a level 3 spell: Stone Arrow
 13169 | D:10     | Entered Level 10 of the Dungeon
 13185 | D:10     | Offered knowledge of Flame Wave by Vehumet.
 13607 | D:10     | Noticed Lodul
 13625 | D:10     | Noticed a two-headed ogre
 13857 | D:10     | Noticed a death yak
 13890 | D:10     | Found a flagged portal.
 13975 | D:10     | Killed from afar by Lodul

Illustrated notes

Levels and vault maps discovered:
D:1:      dpeg_arrival_tiny_f, layout_basic, serial_corexii_hall,
          corexii_hall_statues_l, corexii_hall_statues_x, minmay_lizard_king
D:2:      minmay_inner_zag, layout_rooms, basic_altar, grunt_decor_arrowhead,
          minmay_surrounded
D:3:      layout_loops_corners, mainiacjoe_overflow_boulevard,
          general_overflow_altar, serial_aquarium, aquarium_bridge_long_separate
          [aquarium_subvault_wall, aquarium_subvault_bridge,
          aquarium_subvault_wall, aquarium_subvault_balcony,
          aquarium_subvault_balcony, aquarium_subvault_bridge],
          aquarium_bridge_island_small [aquarium_subvault_small_open,
          aquarium_subvault_window, aquarium_subvault_bridge,
          aquarium_subvault_wall, aquarium_subvault_balcony],
          aquarium_window_corridor_1, aquarium_window_fake,
          aquarium_window_corner, aquarium_window_fake, aquarium_view_2c,
          aquarium_balcony_double_4, aquarium_pool_S, uniq_jessica
D:4:      layout_basic, mainiacjoe_overflow_large_starburst,
          minmay_temple_entry_gardened_gates, kennysheep_path_1
D:5:      layout_loops_ring, lemuel_round_altar, uniq_edmund, uniq_pikel
D:6:      minmay_opposing_rooms, layout_layer_cave
D:8:      layout_gridville, serial_shops, shop
D:9:      layout_cave_pods, serial_gnoll_camp, gnoll_camp_mini_loothouse,
          gnoll_camp_mini_sergeant, gnoll_camp_mini_doghouse,
          gnoll_camp_mini_house, due_unseen_surprise
D:10:     layout_rooms, dpeg_lair_monsters, orc_0_dummy, special_room
          [special_room_bee], enter_bailey_2, minmay_variable_closet,
          hive_lemuel, uniq_lodul
Temple:   compressed_dpeg_triangle_lava_temple

Skill      XL: |  1  2  3  4  5  6  7  8  9 10 11 |
---------------+----------------------------------+-----
Stealth        | 3 5 7 8 9 |  9.6
Conjurations   | 5 6 7 8 |  8.6
Spellcasting   | 3 4 5 7 8 9 |  9.2
Short Blades   | 1 2 4 5 6 |  6.5
Fighting       | 1 2 3 4 |  4.9
Dodging        | 3 4 5 6 7 8 |  8.4
Hexes          | 1 2 3 4 |  4.3
Maces & Flails | |  0.8
Transmutations | |  0.6

Action                   |  1- 3 |  4- 6 |  7- 9 | 10-12 || total
-------------------------+-------+-------+-------+-------++-------
Melee: Unarmed           |     3 |       |       |       ||     3
       Short sword       |    14 |    24 |    57 |    47 ||   142
       Punch             |       |       |     1 |     2 ||     3
       Whip              |       |       |       |    19 ||    19
Throw: Throwing net      |       |     1 |       |       ||     1
 Cast: Magic Dart        |    58 |    17 |     4 |    10 ||    89
       Searing Ray       |       |    29 |    59 |    86 ||   174
       Dazzling Flash    |       |       |    24 |    24 ||    48
       Fulminant Prism   |       |       |       |    17 ||    17
       Wereblood         |       |       |       |     2 ||     2
       Static Discharge  |       |       |       |     1 ||     1
  Use: Scroll            |     4 |     5 |     7 |     7 ||    23
       Potion            |       |       |    10 |     5 ||    15
 Stab: Sleeping          |       |     9 |     6 |     3 ||    18
       Invisible         |       |       |     2 |     8 ||    10
       Distracted        |       |       |       |     1 ||     1
Armor: Robe              |     5 |    10 |    35 |    49 ||    99
       Skin              |       |       |       |     9 ||     9
Dodge: Dodged            |    34 |    33 |   126 |   234 ||   427

Table legend: (Time is in decaauts)
 A = Elapsed time spent in this place.
 B = Non-inter-level travel time spent in this place.
 C = Inter-level travel time spent in this place.
 D = Time resting spent in this place.
 E = Time spent auto-exploring this place.
 F = Levels seen in this place.
 G = Mean time per level.
                   A        B        C        D        E       F      G
               +--------+--------+--------+--------+--------+-----+--------+
         Total |  13953 |  13542 |    411 |   1468 |   9688 |  10 | 1395.3 |
       Dungeon |  13646 |  13235 |    411 |   1468 |   9459 |   9 | 1516.2 |
        Temple |    307 |    307 |      0 |      0 |    229 |   1 |  307.0 |
               +--------+--------+--------+--------+--------+-----+--------+

Top non-repeatable levels by time:
     D:9: 2212 daAuts
     D:5: 2050 daAuts
     D:6: 1796 daAuts
     D:8: 1732 daAuts
     D:3: 1624 daAuts
     D:4: 1504 daAuts
     D:1: 1188 daAuts
     D:2: 941 daAuts
    D:10: 595 daAuts
  Temple: 307 daAuts
